 Dungeon Crawl Stone Soup version 0.29.1-1-gd02db6906a (webtiles) character file.

Game seed: 5054383420509217054

9 RogueRain17 the Chopper (level 2, 21/22 HPs)
             Began as a Demonspawn Gladiator on Sept 20, 2022.
             Quit the game on level 1 of the Dungeon.
             The game lasted 00:01:07 (642 turns).

RogueRain17 the Chopper (Demonspawn Gladiator)       Turns: 642, Time: 00:01:07

Health: 21/22      AC:  4    Str: 14    XL:     2   Next: 3%
Magic:  2/2        EV: 12    Int:  9    God:
Gold:   31         SH:  0    Dex: 14    Spells: 1/1 levels left

rFire   . . .      SeeInvis .   a - +0 war axe
rCold   . . .      Faith    .   (no shield)
rNeg    . . .      Spirit   .   b - +0 leather armour
rPois   .          Reflect  .   c - +0 helmet
rElec   .          Harm     .   (no cloak)
rCorr   .          Rampage  .   (no gloves)
Will    .....                   (no boots)
Stlth   +.........              (no amulet)
HPRegen 0.07/turn               (no ring)
MPRegen 0.08/turn               (no ring)

@: no status effects
A: claws 1
a: no special abilities


You were on level 1 of the Dungeon.
You visited 1 branch of the dungeon, and saw 1 of its levels.

You collected 31 gold pieces.

Inventory:

Hand Weapons
 a - a +0 war axe (weapon)
Missiles
 d - 3 throwing nets (quivered)
 e - a javelin
Armour
 b - a +0 leather armour (worn)
 c - a +0 helmet (worn)
Jewellery
 f - a ring of flight


   Skills:
 - Level 2.0 Fighting
 * Level 3.1 Axes
 - Level 1.7 Throwing
 + Level 2.9 Dodging


You had one spell level left.
You didn't know any spells.
Your spell library contained the following spells:

 Spells                   Type           Power      Damage    Failure   Level
 Blink                    Tloc           0%         N/A       61%         2
 Manifold Assault         Tloc           0%         N/A       100%        5
 Storm Form               Tmut/Air       0%         N/A       100%        7


Dungeon Overview and Level Annotations

Branches:
Dungeon (1/15)

Altars:


Innate Abilities, Weirdness & Mutations

You have sharp fingernails.


Message History

You kill the goblin!
You hit the frilled lizard.
You kill the frilled lizard!
You closely miss the ball python. The ball python bites you.
The ball python constricts you.
The ball python bites you but does no damage.
The ball python constricts you.
Your Axes skill increases to level 3!
You barely miss the ball python. The ball python bites you.
The ball python constricts you.
The ball python bites you but does no damage.
The ball python constricts you.
You slash the ball python!
You kill the ball python!
Found 10 gold pieces.
f - a ring of flight You now have 31 gold pieces (gained 10).
You open the large door.
A ball python comes into view.
The ball python hisses angrily.
The ball python moves out of view.
Found 12 gold pieces.
A giant cockroach comes into view.
There is a large open door here.
There is a large open door here.
You closely miss the ball python. The ball python bites you.
The ball python closely misses you.
The ball python bites you but does no damage.
The ball python grabs you. The ball python constricts you.
You slash the ball python!
You kill the ball python!
The giant cockroach bites you but does no damage.
The giant cockroach barely misses you.
You slash the giant cockroach!
You kill the giant cockroach!
You have reached level 2!
Your demonic ancestry asserts itself...
Your fingernails lengthen.
Unknown command.
Are you sure you want to abandon this character and quit the game? (Confirm with "yes".)

#........# #....
#........# #....
#........# #....
#........# #....
#..).....# #####
#........##########
#........##........
#........##........
#........''@.......
#........##........
#........##....$...
#........##........
#........##........
###########........
#........ #........


There were no monsters in sight!

Vanquished Creatures
  An endoplasm (D:1)
  A giant cockroach (D:1)
  A goblin (D:1)
  A kobold (D:1)
  A quokka (D:1)
  2 ball pythons (D:1)
  A frilled lizard (D:1)
8 creatures vanquished.

Notes
Turn   | Place    | Note
-------+----------+-------------------------------------------
     0 | D:1      | RogueRain17 the Demonspawn Gladiator began the quest for
                  | the Orb.
     0 | D:1      | Reached XP level 1. HP: 16/16 MP: 1/1
   428 | D:1      | Reached skill level 3 in Axes
   642 | D:1      | Gained mutation: You have sharp fingernails. [demonic
                  | ancestry]
   642 | D:1      | Reached XP level 2. HP: 21/22 MP: 2/2
   642 | D:1      | Quit the game

Illustrated notes

Levels and vault maps discovered:
D:1:      wander_arrival_peaceful_grave, layout_basic

Skill      XL: |  1 |
---------------+----+-----
Axes           | 3 |  3.1
Fighting       | |  2.0
Throwing       | |  1.7
Dodging        | |  2.9

Action                   || total
-------------------------++-------
Melee: War axe           ||    22
Armor: Leather armour    ||    15
Dodge: Dodged            ||    16
